 Dungeon Crawl Stone Soup version 0.28-a0-1429-gf3d713df7a (webtiles) character file.

Game seed: 10400661302975451724

60 porpoise the Sneak (level 3, -1/29 HPs)
             Began as a Demonspawn Brigand on Jan 9, 2022.
             Slain by an orc wizard (3 damage)
             ... on level 2 of the Dungeon.
             The game lasted 00:04:19 (1769 turns).

porpoise the Sneak (Demonspawn Brigand)             Turns: 1769, Time: 00:04:20

Health: -1/29      AC:  3    Str: 13    XL:     3   Next: 82%
Magic:  3/3        EV: 11    Int: 12    God:
Gold:   78         SH:  0    Dex: 14    Spells: 2/2 levels left

rFire   . . .      SeeInvis .   a - +2 dagger
rCold   . . .      Faith    .   (no shield)
rNeg    . . .      Spirit   .   m - +0 robe
rPois   .          Reflect  .   (helmet restricted)
rElec   .          Harm     .   c - +0 cloak
rCorr   .          Rampage  .   (no gloves)
Will    .....                   (no boots)
Stlth   ++........              (no amulet)
HPRegen 0.09/turn               (no ring)
MPRegen 0.08/turn               (no ring)

@: no status effects
A: antennae 1, weakness stinger 1
a: no special abilities


You were on level 2 of the Dungeon.
You visited 1 branch of the dungeon, and saw 2 of its levels.

You collected 78 gold pieces.

Inventory:

Hand Weapons
 a - a +2 dagger (weapon)
 b - a +0 hunting sling
Missiles
 d - 8 poisoned darts (quivered)
 e - 2 curare-tipped darts
 g - 38 bolts
 l - 8 stones
Armour
 c - a +0 cloak (worn)
 m - a +0 robe (worn)
Jewellery
 o - an amulet of the acrobat
Wands
 k - a wand of flame (10)
Scrolls
 i - a scroll of enchant weapon {unknown}
 n - 2 scrolls of identify {unknown}
Potions
 f - 2 potions of attraction {unknown}
 h - a potion of resistance {unknown}
 j - 2 potions of heal wounds {unknown}


   Skills:
 + Level 3.2 Fighting
 + Level 3.0 Short Blades
 - Level 1.7 Throwing
 - Level 0.8 Dodging
 - Level 3.6 Stealth


You had 2 spell levels left.
You didn't know any spells.
Your spell library was empty.

Dungeon Overview and Level Annotations

Branches:
Dungeon (2/15)

Altars:
Xom


Innate Abilities, Weirdness & Mutations

You have a pair of small antennae on your head.
You have a small tail.


Message History

The orc wizard is moderately wounded.
The orc wizard hits you with a +0 dagger.
You hit the orc wizard.
Your tail-slap misses the orc wizard.
The orc wizard is heavily wounded.
The orc wizard hits you with a +0 dagger.
* * * LOW HITPOINT WARNING * * *
You hit the orc wizard.
You tail-slap the orc wizard, but do no damage.
The orc wizard is severely wounded.
Unknown command.
You hit the orc wizard.
The orc wizard is severely wounded.
The orc wizard barely misses you.
An orc comes into view. It is wielding a +0 war axe.
The orc shouts!
You hit the orc wizard but do no damage.
The orc wizard is severely wounded.
The orc wizard misses you.
You hit the orc wizard.
The orc wizard is almost dead.
The orc wizard gestures at you while chanting.
The magic dart hits you.
* * * LOW HITPOINT WARNING * * *
You hit the orc wizard but do no damage.
Your tail-slap misses the orc wizard.
The orc wizard is almost dead.
The orc wizard completely misses you.
You barely miss the orc wizard.
The orc wizard is almost dead.
The orc wizard hits you with a +0 dagger.
* * * LOW HITPOINT WARNING * * *
You closely miss the orc wizard.
The orc wizard is almost dead.
You barely miss the orc wizard.
The orc wizard is almost dead.
The orc wizard barely misses you.
You hit the orc wizard but do no damage.
The orc wizard is almost dead.
The orc wizard hits you with a +0 dagger.
You die...

(# (. .# (# (# (###.##
#######oo....# #.....@#
#.####.# #.#
###.###.###..## #
##............. #.
#.............# #.#.#
#..#####.#....# #.#.. #
#..##.........###.#.#
#.#.#..##.##.#..........#


You could see an orc wizard and an orc.

Vanquished Creatures
  An adder (D:2)
  A worm (D:2)
  A dart slug (D:1)
  3 orcs (D:2)
  2 endoplasms
  3 giant cockroaches
  7 goblins
  5 hobgoblins (D:1)
  4 jackals (D:1)
  A kobold (D:1)
  2 quokkas
  3 ball pythons
  5 rats
38 creatures vanquished.

Vanquished Creatures (others)
  2 plants (D:1)
2 creatures vanquished.

Grand Total: 40 creatures vanquished

Notes
Turn   | Place    | Note
-------+----------+-------------------------------------------
     0 | D:1      | porpoise the Demonspawn Brigand began the quest for the
                  | Orb.
     0 | D:1      | Reached XP level 1. HP: 16/16 MP: 1/1
   177 | D:1      | Discovered your monstrous ancestry.
   177 | D:1      | Gained mutation: You have a small tail. [demonic ancestry]
   177 | D:1      | Reached XP level 2. HP: 23/23 MP: 2/2
   220 | D:1      | Found a faded altar of an unknown god.
  1007 | D:1      | Gained mutation: You have a pair of small antennae on your
                  | head. [demonic ancestry]
  1007 | D:1      | Reached XP level 3. HP: 27/28 MP: 3/3
  1424 | D:2      | Found a shimmering altar of Xom.
  1769 | D:2      | Slain by an orc wizard

Illustrated notes

Levels and vault maps discovered:
D:1:      lightli_arrival_boilingwater, layout_basic,
          shapermc_ecumenical_altar_ellora, dk_noncrumbling_4
D:2:      minmay_spotlight, layout_loops_ring, basic_altar,
          kennysheep_pointless_box, minmay_tree_intersection

Skill      XL: |  1  2  3 |
---------------+----------+-----
Short Blades   | 2 3 |  3.0
Fighting       | 3 |  3.2
Throwing       | |  1.7
Dodging        | |  0.8
Stealth        | |  3.6

Action                   || total
-------------------------++-------
Melee: Dagger            ||   104
       Tailslap          ||    13
       Punch             ||     1
 Fire: Hunting sling     ||    21
Throw: Dart              ||     4
 Stab: Sleeping          ||     8
Armor: Robe              ||     9
Dodge: Dodged            ||    28

Table legend: (Time is in decaauts)
 A = Elapsed time spent in this place.
 B = Non-inter-level travel time spent in this place.
 C = Inter-level travel time spent in this place.
 D = Time resting spent in this place.
 E = Time spent auto-exploring this place.
 F = Levels seen in this place.
 G = Mean time per level.
                   A        B        C        D        E       F      G
               +--------+--------+--------+--------+--------+-----+--------+
         Total |   1757 |   1733 |     24 |    664 |    759 |   2 |  878.5 |
       Dungeon |   1757 |   1733 |     24 |    664 |    759 |   2 |  878.5 |
               +--------+--------+--------+--------+--------+-----+--------+

Top non-repeatable levels by time:
     D:1: 1329 daAuts
     D:2: 427 daAuts
